 Dungeon Crawl Stone Soup version 0.23-a0-573-g25f4479 (webtiles) character file.

12794 DskReedErrur the Reanimator (level 11, -7/78 HPs)
             Began as a Demonspawn Necromancer on Dec 13, 2018.
             Was an Elder of Makhleb.
             Mangled by a skeletal warrior
             ... wielding a +0 battleaxe
             ... led by a skeletal warrior
              (13 damage)
             ... on level 12 of the Dungeon.
             The game lasted 02:48:05 (19283 turns).

DskReedErrur the Reanimator (DsNe)                 Turns: 19283, Time: 02:48:07

Health: -7/78      AC: 14    Str:  9    XL:     11   Next: 67%
Magic:  0/25       EV: 16    Int: 19    God:    Makhleb [****..]
Gold:   600        SH:  0    Dex: 14    Spells: 13/30 levels left

rFire    + + .     SeeInvis .   a - +0 dagger (venom)
rCold    . . .     Gourm    .   (no shield)
rNeg     . . .     Faith    +   u - +0 robe {rF+}
rPois    .         Spirit   +   E - +2 hat
rElec    .         Reflect  .   j - +1 cloak
rCorr    .         Harm     .   y - +0 pair of gloves
MR       .....                  r - +1 pair of boots
Stlth    ++........             m - amulet of faith
HPRegen  0.23/turn              h - ring of protection from fire
MPRegen  0.19/turn              w - +2 ring of protection

@: lethally poisoned (-7 -> -14), berserk cooldown, hasted and slowed
A: talons 1, thin metallic scales 2, powered by pain 2, magic shield
a: Minor Destruction, Lesser Servant of Makhleb, Major Destruction, Renounce
Religion


You were on level 12 of the Dungeon.
You worshipped Makhleb.
Makhleb was greatly pleased with you.
You were hungry.

You visited 2 branches of the dungeon, and saw 13 of its levels.

You collected 600 gold pieces.

Inventory:

Hand Weapons
 a - a +0 dagger of venom (weapon)
 G - a +2 dagger of electrocution
Missiles
 l - 8 needles of sleeping
 n - 7 needles of confusion
 q - 69 poisoned needles
 I - 5 needles of frenzy
Armour
 j - a +1 cloak (worn)
 r - a +1 pair of boots (worn)
 u - a +0 robe of fire resistance (worn)
 y - a +0 pair of gloves (worn)
 E - a +2 hat (worn)
Magical Staves
 b - an uncursed staff of death
Jewellery
 h - a ring of protection from fire (left hand)
 m - an amulet of faith (around neck)
 p - an uncursed ring of protection from cold
 w - a +2 ring of protection (right hand)
 H - an uncursed amulet of regeneration {unknown}
 K - a cursed ring of attention {unknown}
Wands
 x - a wand of polymorph (8)
 D - a wand of paralysis (4)
Scrolls
 d - 7 scrolls of magic mapping
 e - a scroll of amnesia
 g - 3 scrolls of enchant weapon
 k - 6 scrolls of remove curse
 A - 2 scrolls of identify
 L - a scroll of random uselessness {unknown}
Potions
 f - a potion of resistance
 i - 3 potions of mutation
 o - 2 potions of lignification
 s - 4 potions of flight
 t - 2 potions of brilliance
 B - 2 potions of agility
 F - 2 potions of haste
 J - a potion of berserk rage
Miscellaneous
 z - a crystal ball of energy
Comestibles
 c - 13 rations
 M - a chunk of flesh


   Skills:
 + Level 4.8 Fighting
 + Level 7.1 Dodging
 - Level 3.4 Stealth
 * Level 10.0 Spellcasting
 * Level 4.0 Conjurations
 + Level 10.9 Necromancy
 + Level 9.1 Invocations


You had 13 spell levels left.
You knew the following spells:

 Your Spells              Type           Power        Failure   Level  Hunger
a - Pain                  Necr           ####         1%          1    None
b - Animate Skeleton      Necr           N/A          1%          1    None
c - Animate Dead          Necr           N/A          1%          4    ##.....
d - Vampiric Draining     Necr           ######....   1%          3    None
e - Regeneration          Chrm/Necr      ####......   2%          3    None
f - Bolt of Magma         Conj/Fire/Erth ##........   75%         5    #####..

Your spell library contained the following spells:

 Spells                   Type           Power        Failure   Level  Hunger
 Throw Frost              Conj/Ice       ###...       4%          2    None
 Freeze                   Ice            #...         8%          1    None
 Ozocubu's Armour         Chrm/Ice       #.......     22%         3    None
 Throw Icicle             Conj/Ice       ###.....     32%         4    ##.....
 Summon Ice Beast         Ice/Summ       #.......     58%         4    ##.....
 Iskenderun's Battlesphe  Conj/Chrm      ###.....     65%         5    #####..
 Venom Bolt               Conj/Pois      ###.......   65%         5    #####..
 Iron Shot                Conj/Erth      ###.......   99%         6    ######.
 Orb of Destruction       Conj           ####......   100%        7    #######
 Spellforged Servitor     Conj/Summ      ###.......   100%        7    #######


Dungeon Overview and Level Annotations

Branches:
Dungeon (12/15)            Temple (1/1) D:7            Lair (0/6) D:9
    Orc (0/2) D:12

Altars:
Ashenzari
Cheibriados
Fedhas
Gozag
Hepliaklqana
Makhleb
Okawaru
Qazlal
Ru
Trog
Uskayaw
Vehumet
Xom
Yredelemnul
Zin
The Shining One

Shops:
D:9 *


Innate Abilities, Weirdness & Mutations

You have sharp toenails.
You are mostly covered in thin metallic scales. (AC +3)
You sometimes gain power by taking damage.
When hurt, damage is shared between your health and your magic reserves.


Message History

The basilisk gazes at you. You resist with some effort.
Found 17 bolts and 18 gold pieces.
You are no longer berserk.
You are exhausted.
You feel yourself slow down.
* * * LOW HITPOINT WARNING * * *
You feel sick.
Your surroundings suddenly seem different.
* * * LOW HITPOINT WARNING * * *
You feel sick.
Okay, then.
You feel yourself speed up.
* * * LOW HITPOINT WARNING * * *
You feel sick.
A yak comes into view.
The troll barely misses you.
The troll claws you but does no damage. x2
The yak misses you.
The skeletal warrior hits you with a +0 battleaxe!
You die...

...## ...(#####
...... .# ##..
#.##..# ##.. #..#...
##..###._Z#...
#....#.a#z.##
#..#.l.cYYz.###
#.##(.SeTT@./.#
#...###..#Y#####....
#...# #### # . #$...
#.... #..... #.....
#######


You could see 2 skeletal warriors, a deep elf mage, 3 yaks, 2 trolls, a
basilisk, a soldier ant, a centaur, an adder and a centaur warrior zombie.

Vanquished Creatures
  Erica (D:11)
  2 two-headed ogres
  A hydra (D:8)
  An unseen horror (D:11)
  A komodo dragon (D:11)
  4 trolls
  A dream sheep (D:7)
  3 hornets
  2 hippogriffs (D:10)
  7 yaks
  A hungry ghost (D:10)
  4 orc warriors
  5 ice beasts
  6 sky beasts
  9 centaurs
  An ogre (D:5)
  2 necrophages
  A phantom (D:9)
  3 wolves (D:11)
  3 big kobolds
  5 bullfrogs
  7 scorpions
  3 killer bees (D:11)
  6 electric eels (D:10)
  7 crimson imps
  2 bullfrog zombies
  4 orc priests
  8 hounds
  5 jellies
  Crazy Yiuf (D:2)
  A centaur skeleton (D:4)
  4 bullfrog skeletons
  2 iguanas
  2 worker ants
  11 orc wizards
  A killer bee zombie (D:5)
  25 adders
  10 gnolls
  An ooze (D:2)
  3 adder skeletons
  3 worms
  2 dart slugs
  3 leopard geckos
  36 orcs
  6 bats
  12 giant cockroaches
  5 goblins
  8 hobgoblins
  9 jackals
  6 kobolds
  6 ball pythons
  7 frilled lizards
  A quokka zombie (D:7)
  6 rats
276 creatures vanquished.

Vanquished Creatures (collateral kills)
  An unseen horror (D:11)
  A gargoyle (D:11)
  A dream sheep (D:7)
  2 hungry ghosts (D:9)
  A vampire mosquito (D:9)
  Grum (D:11)
  A necrophage (D:9)
  An ogre (D:11)
  A bullfrog (D:11)
  A scorpion (D:8)
  A water moccasin skeleton (D:8)
  A centaur zombie (D:9)
  A crimson imp (D:9)
  2 hounds
  An orc priest (D:8)
  A jelly (D:6)
  An iguana (D:6)
  A worker ant (D:11)
  A hound zombie (D:8)
  7 adders
  A shadow imp (D:10)
  An adder skeleton (D:9)
  2 dart slugs
  A leopard gecko (D:5)
  3 orcs
  A hobgoblin (D:3)
  A quokka (D:3)
  A ball python (D:2)
  A frilled lizard (D:3)
40 creatures vanquished.

Vanquished Creatures (others)
  2 plants (D:10)
2 creatures vanquished.

Grand Total: 318 creatures vanquished

Notes
Turn   | Place    | Note
-------+----------+-------------------------------------------
     0 | D:1      | DskReedErrur the Demonspawn Necromancer began the quest for
                  | the Orb.
     0 | D:1      | Reached XP level 1. HP: 13/13 MP: 3/3
   228 | D:1      | Learned a level 1 spell: Animate Skeleton
   370 | D:1      | Gained mutation: You are partially covered in thin metallic
                  | scales. (AC +2) [demonic ancestry]
   370 | D:1      | Reached XP level 2. HP: 19/19 MP: 1/5
   957 | D:2      | Reached XP level 3. HP: 20/24 MP: 1/6
  1370 | D:2      | Gained mutation: When hurt, damage is shared between your
                  | health and your magic reserves. [demonic ancestry]
  1370 | D:2      | Reached XP level 4. HP: 27/30 MP: 2/8
  1860 | D:2      | Reached skill level 5 in Necromancy
  1949 | D:2      | Reached XP level 5. HP: 34/35 MP: 6/10
  2138 | D:2      | Found a radiant altar of Vehumet.
  2462 | D:2      | Found a runed door.
  2466 | D:2      | Noticed Crazy Yiuf
  2475 | D:2      | Killed Crazy Yiuf
  2865 | D:3      | Found a snail-covered altar of Cheibriados.
  2903 | D:3      | Learned a level 4 spell: Animate Dead
  2907 | D:3      | Learned a level 3 spell: Regeneration
  2996 | D:3      | Found a bloodstained altar of Trog.
  2997 | D:3      | Found a burning altar of Makhleb.
  3002 | D:3      | Gained mutation: You sometimes gain a little power by
                  | taking damage. [demonic ancestry]
  3002 | D:3      | Reached XP level 6. HP: 39/41 MP: 6/11
  3040 | D:3      | Became a worshipper of Makhleb the Destroyer
  3175 | D:3      | Learned a level 3 spell: Vampiric Draining
  3291 | D:3      | Found a hide-covered altar of Uskayaw.
  3837 | D:3      | Found a stormy altar of Qazlal.
  3955 | D:4      | Noticed an orc warrior
  3978 | D:3      | Killed an orc warrior
  3978 | D:3      | Reached skill level 1 in Invocations
  4572 | D:4      | Reached XP level 7. HP: 46/46 MP: 13/13
  5752 | D:5      | Entered Level 5 of the Dungeon
  5802 | D:5      | Reached * piety under Makhleb
  5996 | D:5      | Reached skill level 5 in Spellcasting
  6902 | D:5      | Reached XP level 8. HP: 50/52 MP: 16/16
  8750 | D:6      | Noticed a hornet
  9180 | D:6      | Reached skill level 5 in Invocations
  9360 | D:6      | Gained mutation: You are mostly covered in thin metallic
                  | scales. (AC +3) [demonic ancestry]
  9360 | D:6      | Reached XP level 9. HP: 44/57 MP: 8/18
  9481 | D:5      | Paralysed by a hornet for 1 turns
  9738 | D:6      | Reached ** piety under Makhleb
  9918 | D:7      | Reached skill level 5 in Dodging
 10344 | D:7      | Found a glowing golden altar of the Shining One.
 10408 | D:7      | Found a staircase to the Ecumenical Temple.
 10420 | Temple   | Entered the Ecumenical Temple
 10561 | D:7      | Found a sacrificial altar of Ru.
 10561 | D:7      | Found an iron altar of Okawaru.
 10562 | D:7      | Found a basalt altar of Yredelemnul.
 11718 | D:8      | Gained mutation: You have sharp toenails. [demonic
                  | ancestry]
 11718 | D:8      | Reached XP level 10. HP: 63/63 MP: 12/22
 11747 | D:8      | Noticed a three-headed hydra
 11762 | D:8      | Killed a three-headed hydra
 12025 | D:8      | Found a bloodstained altar of Trog.
 12401 | D:8      | Found a shattered altar of Ashenzari.
 12475 | D:8      | Reached skill level 1 in Fighting
 12545 | D:8      | Found a blossoming altar of Fedhas.
 12591 | D:8      | Paralysed by a hornet for 2 turns
 12819 | D:8      | Reached *** piety under Makhleb
 13070 | D:9      | Found Zin's Purification Station.
 13070 | D:9      | Found a glowing silver altar of Zin.
 13250 | D:9      | Got a spiked chain mail
 13261 | D:9      | Identified the +2 chain mail of Renaut Iriogg {Stlth+} (You
                  | found it on level 9 of the Dungeon)
 13308 | D:9      | Paralysed by a hornet for 2 turns
 13310 | D:9      | Reached skill level 10 in Necromancy
 13384 | D:9      | Found a staircase to the Lair.
 13473 | D:9      | Found a shimmering altar of Xom.
 13473 | D:9      | Found a shimmering altar of Xom.
 13540 | D:9      | Found a shimmering altar of Xom.
 13549 | D:9      | Found an opulent altar of Gozag.
 13576 | D:9      | Found a shimmering altar of Xom.
 13584 | D:9      | Found a shimmering altar of Xom.
 14798 | D:8      | Learned a level 5 spell: Bolt of Magma
 15269 | D:10     | Entered Level 10 of the Dungeon
 15540 | D:10     | Reached skill level 1 in Conjurations
 15540 | D:10     | Gained mutation: You sometimes gain power by taking damage.
                  | [demonic ancestry]
 15540 | D:10     | Reached XP level 11. HP: 26/74 MP: 2/24
 16678 | D:10     | Reached **** piety under Makhleb
 16703 | D:10     | Upgraded the game from 0.23-a0-558-g30802b1 to
                  | 0.23-a0-573-g25f4479
 16774 | D:10     | Noticed a two-headed ogre
 16791 | D:10     | Killed a two-headed ogre
 18234 | D:11     | Killed an unseen horror
 18424 | D:11     | Noticed Erica
 18429 | D:11     | Killed an unseen horror
 18432 | D:11     | Killed Erica
 18478 | D:11     | Noticed a two-headed ogre
 18497 | D:11     | Killed a two-headed ogre
 18497 | D:11     | Reached skill level 10 in Spellcasting
 18808 | D:11     | Noticed Grum
 18832 | D:11     | Killed Grum
 19176 | D:12     | Found a staircase to the Orcish Mines.
 19275 | D:12     | Found a stormy altar of Qazlal.
 19275 | D:12     | Noticed a deep elf mage
 19275 | D:12     | Noticed a skeletal warrior
 19275 | D:12     | Noticed a skeletal warrior
 19283 | D:12     | Mangled by a skeletal warrior

Vault maps used:
D:1:      scummos_arrival_simple_fountains
D:2:      kennysheep_six_static_rooms, lemuel_round_altar, minmay_snake_closets,
          uniq_crazy_yiuf_cottage
D:3:      nicolae_overflow_hidden_temple, nicolae_overflow_crystal_walls,
          lemuel_doored_altar, gammafunk_temple_overflow_statue
D:4:      minmay_strange_pillars
D:5:      first_ration, st_stairs_8
D:6:      nicolae_whirlpool
D:7:      chequers_temple_overflow_statue_of_worship, tso_altar,
          minmay_temple_entry_grid
D:8:      lemuel_coloured_pillars_altar, basic_altar, hangedman_ranch,
          fedhas_altar_2
D:9:      minmay_the_grid_triangle_9x9_recursive_2, zin_purify,
          lemuel_round_altar, xom_shifter_show
D:10:     serial_bayou_lake_a
D:11:     minmay_variable_closet, uniq_grum, uniq_erica
D:12:     orc_0_dummy, ebering_ghost_reflecting_pool, minmay_ruined_shrine
Temple:   compressed_dpeg_triangle_lava_temple

Skill      XL: |  1  2  3  4  5  6  7  8  9 10 11 |
---------------+----------------------------------+-----
Stealth        | 2 3 |  3.4
Dodging        | 2 3 4 5 6 7 |  7.1
Spellcasting   | 3 4 5 6 8 9 10 | 10.0
Necromancy     | 5 6 8 9 10 | 10.9
Invocations    | 1 3 5 6 8 9 |  9.1
Fighting       | 3 4 |  4.8
Conjurations   | 1 4 |  4.0

Action                   |  1- 3 |  4- 6 |  7- 9 | 10-12 || total
-------------------------+-------+-------+-------+-------++-------
Melee: Dagger            |       |    50 |   377 |   514 ||   941
       Staff             |       |       |       |     8 ||     8
 Cast: Pain              |    52 |   122 |   215 |   257 ||   646
       Animate Skeleton  |     8 |    17 |    11 |    10 ||    46
       Animate Dead      |       |     3 |    20 |    20 ||    43
       Vampiric Draining |       |       |    31 |    60 ||    91
       Regeneration      |       |       |       |     3 ||     3
Invok: Minor Destruction |       |       |       |     8 ||     8
       Lesser Servant of |       |       |       |     5 ||     5
       Major Destruction |       |       |       |     1 ||     1
  Use: Scroll            |       |    12 |     6 |     8 ||    26
       Potion            |       |     2 |     5 |     6 ||    13
 Stab: Sleeping          |       |    15 |     9 |     7 ||    31
       Distracted        |       |       |     2 |     3 ||     5
  Eat: Chunk             |     2 |     6 |    16 |    10 ||    34
       Ration            |       |     1 |     3 |     8 ||    12
Armor: Robe              |     5 |    31 |   160 |   206 ||   402
       Skin              |       |       |       |    85 ||    85
Dodge: Dodged            |     9 |    60 |   396 |   582 ||  1047

Table legend:
 A = Non-vault XP
 B = Vault XP
 C = Vault XP percentage of total XP
 D = Non-vault monster count
 E = Vault monster count
 F = Vault count percentage of total count
                 A         B        C        D         E       F
            +---------+---------+-------+---------+---------+-------
      Total |   13407 |    4871 |  26.6 |     267 |      49 |  15.5
            +---------+---------+-------+---------+---------+-------
        D:1 |      18 |       0 |   0.0 |      13 |       0 |   0.0
        D:2 |     156 |     140 |  47.3 |      26 |      18 |  40.9
        D:3 |     345 |       0 |   0.0 |      34 |       0 |   0.0
        D:4 |     364 |       0 |   0.0 |      19 |       0 |   0.0
        D:5 |    1272 |     118 |   8.5 |      20 |       2 |   9.1
        D:6 |     574 |     351 |  37.9 |      23 |       3 |  11.5
        D:7 |     584 |     769 |  56.8 |      22 |       4 |  15.4
        D:8 |    1737 |    1290 |  42.6 |      28 |       4 |  12.5
        D:9 |    1611 |    1011 |  38.6 |      23 |      12 |  34.3
       D:10 |    3715 |       0 |   0.0 |      37 |       0 |   0.0
       D:11 |    2879 |    1192 |  29.3 |      18 |       6 |  25.0
       D:12 |     152 |       0 |   0.0 |       4 |       0 |   0.0
            +---------+---------+-------+---------+---------+-------
